 Dungeon Crawl Stone Soup version 0.25.1-2-g60ff931df9 (webtiles) character file.

Game seed: 16326266502777446187

4860 sahdkjhfkaj the Grappler (level 10, -14/104 HPs)
             Began as a Troll Berserker on Oct 26, 2020.
             Was an Elder of Trog.
             Demolished by an orc warrior
             ... wielding a +0 war axe
              (32 damage)
             ... in a bailey.
             The game lasted 00:10:00 (6633 turns).

sahdkjhfkaj the Grappler (Troll Berserker)          Turns: 6633, Time: 00:10:01

Health: -14/104    AC: 10    Str: 30    XL:     10   Next: 26%
Magic:  9/9        EV:  9    Int:  3    God:    Trog [****..]
Gold:   386        SH: 11    Dex:  9    Spells: 9/9 levels left

rFire    . . .     SeeInvis +     - Unarmed
rCold    . . .     Gourm    +   g - +0 kite shield
rNeg     . . .     Faith    .   f - +0 troll leather armour {Purgy}
rPois    .         Spirit   .   (helmet restricted)
rElec    .         Reflect  .   p - +1 cloak
rCorr    .         Harm     .   (gloves unavailable)
MR       .....                  (boots unavailable)
Stlth    +.........             (no amulet)
HPRegen  1.07/turn              w - ring of see invisible
MPRegen  0.11/turn              (no ring)

@: berserk cooldown, slowed, very slow
A: large, unfitting armour, claws 3, fast metabolism 3, gourmand, regeneration
1, shaggy fur 1, tough skin 3
a: Berserk, Trog's Hand, Brothers in Arms, Renounce Religion


You were in a bailey.
You worshipped Trog.
Trog was greatly pleased with you.
You were very hungry.

You visited 2 branches of the dungeon, and saw 9 of its levels.
You also visited: Sewer and Bailey.

You collected 386 gold pieces.

Inventory:

Missiles
 x - 5 throwing nets (quivered) {!f}
Armour
 f - a +0 troll leather armour (worn) {Purgy}
 g - a +0 kite shield (worn)
 p - a +1 cloak (worn)
Jewellery
 v - an uncursed ring of magical power {unknown}
 w - a ring of see invisible (left claw)
Scrolls
 e - 2 scrolls of blinking {!r}
 i - 3 scrolls of teleportation {!r}
 j - a scroll of magic mapping {!r}
 n - 2 scrolls of enchant armour {!r}
 o - 2 scrolls of immolation {!r}
 q - a scroll of random uselessness {!r, unknown}
 s - a scroll of fear {!r, unknown}
Potions
 a - 2 potions of degeneration {!q, unknown}
 c - 3 potions of might {!q}
 d - 2 potions of magic {!q}
 h - 2 potions of lignification {!q, unknown}
 l - 2 potions of haste {!q, unknown}
 m - 2 potions of flight {!q}
 r - 2 potions of curing {!q}
 t - 2 potions of heal wounds {!q, unknown}
 u - a potion of brilliance {!q, unknown}
Comestibles
 b - 25 rations


   Skills:
 + Level 7.8 Fighting
 - Level 2.4 Dodging
 + Level 7.1 Shields
 + Level 9.4 Unarmed Combat


You had 9 spell levels left.
You didn't know any spells.
Your spell library was empty.

Dungeon Overview and Level Annotations

Branches:
Dungeon (8/15)             Temple (1/1) D:4           Sewer (visited)
 Bailey (1/1)
   Lair: D:8-11

Altars:
Ashenzari
Cheibriados
Dithmenos
Elyvilon
Fedhas
Gozag
Hepliaklqana
Kikubaaqudgha
Makhleb
Nemelex Xobeh
Okawaru
Qazlal
Ru
Trog
Uskayaw
Vehumet
Wu Jian
Xom
Yredelemnul
The Shining One


Innate Abilities, Weirdness & Mutations

You are too large for most types of armour.
You have claws for hands.
Your metabolism is lightning-fast.
You like to eat raw meat.
Your natural rate of healing is unusually fast.
You are covered in fur. (AC +1)
You have extremely tough skin. (AC +3)


Message History

The hobgoblin hits your ogre but does no damage.
You block the orc warrior's attack.
Unknown command.
Unknown command.
You scratch the orc warrior.
The orc warrior is severely wounded.
Your ogre hits the hobgoblin with a +0 giant spiked club!
The hobgoblin dies!
Trog accepts your kill. The orc warrior closely misses you.
Your ogre hits the goblin with a +0 giant spiked club!
The goblin dies!
Trog accepts your kill.
Unknown command.
You barely miss the orc warrior.
The orc warrior is severely wounded.
The goblin barely misses your ogre.
Your ogre closely misses the orc warrior.
The orc warrior hits you with a +0 war axe!!
You die... ≈≈≈≈K#....oo.#∩≈≈≈≈≈≈≈....# ≈≈####.......####((≈≈≈≈≈≈≈≈ KK#K

####'####.(#()(...≈≈≈≈ #
#. ^..go.()).###).....#≈
'. ###'####og+ #.....###
#.O###.......#
#)K#....⌠.....
##o#.........#
...#########..@........##
........(...........####
#######.#############
...# #..## ###


You could see 2 orc warriors, a goblin, a kobold and a friendly ogre (summoned,
berserk).

Vanquished Creatures
  Harold (D:8)
  An orc knight (Bailey)
  A hippogriff (D:7)
  Sigmund (D:3)
  A water moccasin (D:6)
  An orc warrior (Bailey)
  2 sky beasts
  Purgy (Sewer)
  2 ice beasts (D:5)
  A phantom (D:5)
  3 ogres
  Blork the orc (D:4)
  A gnoll sergeant (D:7)
  3 bullfrogs
  A scorpion (D:4)
  A water moccasin skeleton (D:5)
  5 killer bees (D:7)
  5 wights (D:6)
  A howler monkey (D:5)
  A centaur zombie (D:5)
  3 crimson imps
  2 hounds (D:7)
  An orc priest (D:5)
  2 jellies
  7 orc wizards
  A centaur skeleton (D:4)
  Crazy Yiuf (D:3)
  3 iguanas
  4 worker ants
  Natasha (thrice) (D:3)
  A hound zombie (D:7)
  A worker ant zombie (D:6)
  15 gnolls
  A howler monkey skeleton (D:4)
  6 adders
  2 shadow imps
  An adder zombie (D:7)
  An adder skeleton (D:4)
  A worm (D:5)
  3 dart slugs
  5 leopard geckos
  28 orcs
  5 giant cockroaches
  5 goblins
  6 hobgoblins
  3 quokkas
  2 ball pythons
  7 bats
  9 frilled lizards
  11 kobolds
  A quokka skeleton (D:7)
  A quokka zombie (D:5)
  6 rats
182 creatures vanquished.

Vanquished Creatures (collateral kills)
  An orc knight (Bailey)
  A killer bee (D:7)
  An orc (Bailey)
  A goblin (Bailey)
  A hobgoblin (Bailey)
  2 kobolds (Bailey)
7 creatures vanquished.

Grand Total: 189 creatures vanquished

Notes
Turn   | Place    | Note
-------+----------+-------------------------------------------
     0 | D:1      | sahdkjhfkaj the Troll Berserker began the quest for the
                  | Orb.
     0 | D:1      | Reached XP level 1. HP: 22/22 MP: 0/0
   195 | D:1      | Reached XP level 2. HP: 29/29 MP: 1/1
   820 | D:2      | Found an opulent altar of Gozag.
   854 | D:2      | Reached XP level 3. HP: 36/36 MP: 2/2
   860 | D:2      | Reached skill level 1 in Shields
   954 | D:2      | Found a radiant altar of Vehumet.
   954 | D:2      | Found a burning altar of Makhleb.
  1372 | D:3      | Noticed Sigmund
  1379 | D:3      | Killed Sigmund
  1379 | D:3      | Reached skill level 4 in Unarmed Combat
  1379 | D:3      | Reached XP level 4. HP: 48/48 MP: 3/3
  1379 | D:3      | Reached XP level 5. HP: 54/54 MP: 4/4
  1497 | D:3      | Reached ** piety under Trog
  1572 | D:3      | Noticed Natasha
  1580 | D:3      | Killed Natasha
  1622 | D:3      | Reached XP level 6. HP: 62/62 MP: 5/5
  1707 | D:3      | Found a runed translucent door.
  1708 | D:3      | Noticed Crazy Yiuf
  1900 | D:3      | Found a glowing drain.
  1913 | Sewer    | Entered a sewer
  1962 | Sewer    | Noticed Purgy
  1970 | Sewer    | Killed Purgy
  2113 | D:3      | Reached skill level 5 in Unarmed Combat
  2197 | D:3      | Noticed Natasha
  2204 | D:3      | Killed Natasha
  2465 | D:3      | Noticed Natasha
  2470 | D:3      | Killed Natasha
  2481 | D:3      | Killed Crazy Yiuf
  2600 | D:4      | Found a staircase to the Ecumenical Temple.
  2645 | Temple   | Entered the Ecumenical Temple
  2887 | D:4      | Reached XP level 7. HP: 55/71 MP: 6/6
  2957 | D:4      | Reached *** piety under Trog
  3202 | D:4      | Noticed Blork the orc
  3210 | D:4      | Killed Blork the orc
  3614 | D:5      | Entered Level 5 of the Dungeon
  3620 | D:5      | Reached skill level 5 in Fighting
  3620 | D:5      | Reached skill level 6 in Unarmed Combat
  3651 | D:5      | Reached XP level 8. HP: 71/80 MP: 7/7
  3694 | D:5      | Found a shattered altar of Ashenzari.
  3852 | D:5      | Found a stormy altar of Qazlal.
  3855 | D:5      | Found a glowing golden altar of the Shining One.
  3855 | D:5      | Found a white marble altar of Elyvilon.
  3855 | D:5      | Found a blossoming altar of Fedhas.
  3980 | D:5      | Reached **** piety under Trog
  4080 | D:5      | Reached skill level 5 in Shields
  4080 | D:5      | Reached skill level 7 in Unarmed Combat
  4381 | D:6      | Reached XP level 9. HP: 78/89 MP: 8/8
  4868 | D:7      | Found a white marble altar of Elyvilon.
  5313 | D:7      | Reached skill level 8 in Unarmed Combat
  6283 | D:8      | Noticed Harold
  6321 | D:8      | Killed Harold
  6321 | D:8      | Reached skill level 9 in Unarmed Combat
  6321 | D:8      | Reached XP level 10. HP: 102/102 MP: 9/9
  6380 | D:8      | Found a basalt altar of Yredelemnul.
  6390 | D:8      | Identified the +6 scale mail "Waihyss" {Str+4}
  6390 | D:8      | Identified the +4 buckler of Defiance {rN+ MR+ Str-4}
  6415 | D:8      | Found a flagged portal.
  6463 | D:8      | Noticed a green ugly thing
  6496 | Bailey   | Entered a bailey
  6502 | Bailey   | Noticed an orc knight
  6503 | Bailey   | Noticed an orc knight
  6604 | Bailey   | Killed an orc knight
  6627 | Bailey   | Killed an orc knight
  6633 | Bailey   | Demolished by an orc warrior

Illustrated notes

Levels and vault maps discovered:
D:1:      minmay_arrival_stair_chambers, layout_loops_cross
D:2:      layout_basic, gammafunk_temple_overflow_wave, lemuel_doored_altar
D:3:      layout_loops_corners, cheibrodos_sewer_entry_drain,
          uniq_crazy_yiuf_cottage, uniq_natasha, uniq_sigmund
D:4:      layout_loops_cross, temple_fountains, first_ration, uniq_blork_the_orc
D:5:      kennysheep_big_flooded_room, layout_rooms,
          nicolae_overflow_hidden_temple, grunt_temple_overflow_open,
          columned_hall_lemuel
D:6:      layout_cave_pools
D:7:      layout_loops_corners, grunt_ogre_cave, st_stairs_13,
          ebering_dispersal_statue_hall, hangedman_decor_push, elyvilon_altar_5
D:8:      layout_cave_pools, kennysheep_little_box, yredelemnul_altar_generic,
          enter_bailey_2, gammafunk_ghost_gnarly_gnolls, uniq_grum, uniq_harold
Temple:   minmay_temple_curvy_loop
Bailey:   bailey_axe_4, bailey

Skill      XL: |  1  2  3  4  5  6  7  8  9 10 |
---------------+-------------------------------+-----
Fighting       | 3 4 5 6 7 |  7.8
Shields        | 2 3 4 5 6 7 |  7.1
Unarmed Combat | 4 5 6 7 9 |  9.4
Dodging        | |  2.4

Action                   |  1- 3 |  4- 6 |  7- 9 | 10-12 || total
-------------------------+-------+-------+-------+-------++-------
Melee: Unarmed           |    62 |   106 |   373 |    52 ||   593
Invok: Berserk           |     2 |     1 |     3 |     1 ||     7
       Brothers in Arms  |       |       |     1 |     1 ||     2
       Trog's Hand       |       |       |     1 |       ||     1
  Use: Potion            |     1 |       |     1 |     1 ||     3
       Scroll            |     2 |     3 |     6 |       ||    11
 Stab: Sleeping          |     2 |       |       |       ||     2
  Eat: Chunk             |    13 |    17 |    33 |     2 ||    65
Armor: Animal skin       |    27 |    27 |       |       ||    54
       Troll leather arm |       |     9 |   135 |    30 ||   174
Dodge: Dodged            |    17 |    33 |   126 |    44 ||   220
Block: Kite shield       |    17 |    50 |   180 |    68 ||   315
